 Dungeon Crawl Stone Soup version 0.30-a0-279-g4b46babb21 (webtiles) character file.

Game seed: 8064862472435148512

544383 hikkokomori the Slayer (level 26, -46/282 HPs)
             Began as a Gargoyle Berserker on Oct 17, 2022.
             Was the Champion of Trog.
             Killed from afar by an orb of fire (60 damage)
             ... with a fireball
             ... on level 1 of the Realm of Zot.
             The game lasted 02:19:45 (55228 turns).

hikkokomori the Slayer (Gargoyle Berserker)        Turns: 55228, Time: 02:19:45

Health: -46/282    AC: 58    Str: 25    XL:     26   Next: 10%
Magic:  23/23      EV: 24    Int:  6    God:    Trog [******]
Gold:   4349       SH: 31    Dex: 21    Spells: 25/25 levels left

rFire   . . .      SeeInvis +    d - +10 war axe "Wuyl" {protect, Dex+4}
rCold   x . .      Faith    .    N - +4 tower shield {rC+}
rNeg    + + .      Spirit   .    D - +2 fire dragon scales
rPois   ∞          Reflect  +    A - +2 helmet {SInv}
rElec   +          Harm     .    y - +2 cloak {rCorr}
rCorr   +          Rampage  +    O - +0 pair of gloves of Greed {rElec rF- rN+ Slay+6}
Will    +....                    p - +2 pair of boots {rampage}
Stlth   ..........               E - amulet of reflection
HPRegen 0.67/turn                l - +4 ring of slaying
MPRegen 0.18/turn                M - +4 ring of evasion

@: berserking, under a protective aura, flying, unable to read, very quick
A: sickness immunity, AC +20, big wings, negative energy resistance 1,
electricity resistance, torment resistance 1, petrification resistance, dopey 1,
cold vulnerability 1, heat vulnerability 1, inability to read after injury 1
}: 3/15 runes: serpentine, barnacled, silver
a: Renounce Religion, Berserk, Trog's Hand, Brothers in Arms


You were on level 1 of the Realm of Zot.
You worshipped Trog.
Trog was exalted by your worship.
You visited 10 branches of the dungeon, and saw 43 of its levels.
You also visited: Trove, Bailey and Ice Cave.

You collected 7528 gold pieces.
You spent 3179 gold pieces at shops.

Inventory:

Hand Weapons
 d - the +10 war axe "Wuyl" (weapon) {protect, Dex+4}
   (You found it on level 4 of the Lair of Beasts)

   It grants its wielder temporary protection when it strikes (+7 to AC).
   Dex:       It affects your dexterity (+4).
 h - the +5 morningstar "Doskuts" {antimagic, rF++ Will+++ Str-3 Dex-5}
   (Trog gifted it to you on level 4 of the Vaults)

   It reduces the magical energy of the wielder, and disrupts the spells and
   magical abilities of those it strikes.
   Natural abilities and divine invocations are not affected.
   Str:       It affects your strength (-3).
   Dex:       It affects your dexterity (-5).
   rF:        It greatly protects you from fire.
   Will:      It greatly increases your willpower.
 z - a +9 broad axe of flaming
Missiles
 T - 4 throwing nets (quivered)
 W - 26 atropa-tipped darts
 X - 14 curare-tipped darts
Armour
 p - a +2 pair of boots of rampaging (worn)
 y - a +2 cloak of preservation (worn)
 A - a +2 helmet of see invisible (worn)
 D - +2 fire dragon scales (worn)
 L - the +2 pair of gloves of Dithmenos's Hope {rF++}
   (You found it on level 1 of the Vaults)

   rF:        It greatly protects you from fire.
 N - a +4 tower shield of cold resistance (worn)
 O - the +0 pair of gloves of Greed (worn) {rElec rF- rN+ Slay+6}
   (You found it on level 3 of the Vaults)

   Slay:      It affects your accuracy & damage with ranged weapons and melee
   (+6).
   rF:        It makes you vulnerable to fire.
   rElec:     It insulates you from electricity.
   rN:        It protects you from negative energy.
 R - +1 gold dragon scales
Jewellery
 c - a ring of protection from cold
 l - a +4 ring of slaying (left hand)
 t - the ring "Gusetami" {Ice rElec rCorr Dex+2}
   (You took it off Josephina on level 1 of the Realm of Zot)

   [ring of ice]

   It enhances your ice magic.
   Dex:       It affects your dexterity (+2).
   rF:        It makes you vulnerable to fire.
   rC:        It protects you from cold.
   rElec:     It insulates you from electricity.
   rCorr:     It protects you from acid and corrosion.
 v - a +6 ring of strength
 E - an amulet of reflection (around neck)
 G - a ring of positive energy
 M - a +4 ring of evasion (right hand)
Wands
 b - a wand of acid (9)
 i - a wand of iceblast (42)
 u - a wand of digging (11)
 I - a wand of mindburst (42)
 J - a wand of flame (67)
 V - a wand of charming (2)
Scrolls
 a - 10 scrolls of fog
 e - 21 scrolls of teleportation
 q - 3 scrolls of magic mapping
 s - 7 scrolls of blinking
 w - 6 scrolls of fear
 x - 2 scrolls of summoning
 C - 5 scrolls of poison
 S - 4 scrolls of silence
 Y - 4 scrolls of brand weapon
Potions
 f - 16 potions of curing
 k - 4 potions of cancellation
 m - 12 potions of haste
 n - 9 potions of heal wounds
 o - 8 potions of lignification
 r - 8 potions of attraction
 B - 6 potions of invisibility
 K - 15 potions of mutation
 P - 10 potions of might
 Q - 6 potions of magic
 U - 8 potions of resistance
 Z - 2 potions of ambrosia
Miscellaneous
 g - a phial of floods
 j - a tin of tremorstones (2/2)
 F - a condenser vane
 H - a lightning rod (4/4)


   Skills:
 + Level 25.5 Fighting
 - Level 0.2 Short Blades
 - Level 20.1 Axes
 + Level 21.3 Armour
 + Level 16.8 Dodging
 - Level 11.9 Stealth
 - Level 17.1 Shields
 + Level 3.1 Evocations


You had 25 spell levels left.
You didn't know any spells.
Your spell library contained the following spells:

 Spells                   Type           Power      Damage    Failure   Level
 Stone Arrow              Conj/Erth      0%         3d7       100%        3
 Animate Armour           Summ/Erth      0%         N/A       100%        4
 Animate Dead             Necr           0%         N/A       100%        4
 Petrify                  Tmut/Erth      0%         N/A       100%        4
 Borgnjor's Vile Clutch   Necr/Erth      0%         N/A       100%        5
 Lee's Rapid Deconstruct  Erth           0%         3d5*      100%        5
 Death Channel            Necr           0%         N/A       100%        6
 Iron Shot                Conj/Erth      0%         9d1       100%        6


Dungeon Overview and Level Annotations

Branches:
Dungeon (15/15)            Temple (0/1) D:5            Lair (5/5) D:11
 Shoals (4/4) Lair:3        Snake (4/4) Lair:2        Slime (0/5) Lair:5
    Orc (2/2) D:12            Elf (2/3) Orc:2        Vaults (5/5) D:13
  Crypt (0/3) Vaults:3     Depths (4/4) D:15           Hell (visited)
    Dis (0/7) Hell            Geh (0/7) Hell            Coc (0/7) Hell
    Tar (0/7) Hell            Zot (1/5) Depths:4     Bailey (visited)
  IceCv (visited)

Altars:
Ashenzari
Cheibriados
Dithmenos
Elyvilon
Gozag
Kikubaaqudgha
Makhleb
Nemelex Xobeh
Okawaru
Qazlal
Uskayaw
Vehumet
Wu Jian
Yredelemnul
The Shining One
Lugonu

Shops:
D:4 *   D:14 !   Orc:2 [(=[   Elf:1 !   Elf:2 [   Shoals:1 [   Shoals:2 :
Snake:1 :?   Snake:2 (   Vaults:1 [   Depths:1 ?[(

Portals:
Hell: Depths:1 Depths:2 Depths:3 Depths:4
Abyss: Lair:5 Depths:3 Depths:4
Pandemonium: Depths:2
Ziggurat: Depths:2

Annotations:
Elf:2 exclusion: orange crystal statue


Innate Abilities, Weirdness & Mutations

You are immune to sickness and miasma.
Your stone body is resilient. (AC +20)
You are immune to poison.
Your large and strong wings let you fly.
You resist negative energy. (rN+)
You are resistant to electric shocks. (rElec)
You are resistant to unholy torment.
You are immune to petrification.
You are dopey. (Int -2)
You are vulnerable to cold. (rC-)
You are vulnerable to heat. (rF-)
You occasionally lose the ability to read scrolls when taking damage.


Message History

A shadow dragon comes into view.
Unknown command.
You slash the orb of fire!
The orb of fire is heavily damaged.
You slash the quicksilver dragon!
You block the quicksilver dragon's attack. x2
Unknown command.
You hit the orb of fire but do no damage.
The orb of fire is heavily damaged.
You slash the quicksilver dragon!
You block the quicksilver dragon's attack. x2
Unknown command.
You slice the orb of fire!!
The orb of fire is heavily damaged.
You hit the quicksilver dragon.
The orb of fire glows deep purple.
The bolt of fire hits you!!!
You feel threatened and lose the ability to read scrolls!
Unknown command.
You carve the quicksilver dragon like a ham!!!
You kill the quicksilver dragon!
Trog accepts your kill.
The quicksilver dragon scales are intact enough to wear.
You hit the orb of fire but do no damage.
Unknown command.
You slice the orb of fire!!
The orb of fire is severely damaged.
Unknown command.
You slash the orb of fire!
The orb of fire is severely damaged.
The orb of fire glows red.
The fireball explodes!
The fireball engulfs you!!!!
* * * LOW HITPOINT WARNING * * *
The fireball engulfs the orb of fire.
The orb of fire completely resists.
You hear a deafening roar!
You slice the orb of fire!!
The orb of fire is almost destroyed.
The orb of fire glows yellow.
The fireball explodes!
The fireball engulfs you!!!
You die...

..# #..... #.# #....
##.# ##... #..# ##....
###..# ##.....
#########....#####......
.......................#
................#.....##
......[@..D.)..#.....##
.$....*.............##
............?......##
...................#
..................##
....$..............
...................
...................
..........


You could see an orb of fire and a shadow dragon.

Vanquished Creatures
  2 ancient liches
  Mara (Shoals:3)
  Josephina (Zot:1)
  Frederick (Vaults:5)
  Xtahua (Vaults:3)
  Geryon (Hell)
  4 golden dragons
  Nikola (Vaults:3)
  2 Tzitzimimeh (Depths:2)
  A doom hound (Depths:2)
  Jorgrun (Shoals:3)
  2 hellephants (Depths:2)
  5 tentacled monstrosities
  5 liches
  A walking earthen tome (Depths:4)
  6 titans
  2 deep elf blademasters
  The ghost of Dogag the Slicer, an adept DgIE (Vaults:3)
  3 quicksilver dragons
  2 ancient champions (Hell)
  Polyphemus (Shoals:3)
  Murray (Depths:1)
  A deep elf master archer (Depths:2)
  2 death cobs (Zot:1)
  3 krakens
  5 storm dragons
  4 sphinxes
  9 shadow dragons
  3 tengu reavers (Vaults:5)
  7 nagarajas
  9 fire giants
  6 frost giants
  2 iron dragons
  A balrug (Depths:1)
  Aizul (Elf:1)
  23 vault wardens
  3 deep elf sorcerers
  A draconian scorcher (Depths:4)
  A ghost moth (Zot:1)
  A draconian shifter (Depths:4)
  An orc warlord (Orc:2)
  A juggernaut zombie (Hell)
  2 spriggan defenders
  2 reapers (Hell)
  26 ironbound preservers
  12 ironbound thunderhulks
  18 very ugly things
  A draconian stormcaller (Depths:4)
  5 war gargoyles
  A putrid mouth (Depths:2)
  12 stone giants
  Nessos (Lair:5)
  A black draconian (Depths:4)
  3 deep elf demonologists
  5 vampire knights
  2 deep elf annihilators
  A yellow draconian (Depths:4)
  2 red draconians
  6 spark wasps
  2 white draconians
  8 dire elephants
  2 merfolk javelineers (Shoals:4)
  An iron golem (Hell)
  20 ettins
  22 yaktaur captains
  5 merfolk impalers
  8 fire dragons
  3 deep elf high priests
  3 entropy weavers
  38 vault guards
  6 great orbs of eyes
  A spriggan zombie (Hell)
  6 salamander tyrants
  4 ogre magi
  5 hydras
  A spectral shadow dragon (Vaults:3)
  2 peacekeepers (Vaults:2)
  3 catoblepae
  A hydra (shapeshifter) (Vaults:4)
  A hell beast (Hell)
  20 centaur warriors
  8 ice dragons
  4 spriggan air magi
  8 ironbound frosthearts
  10 anacondas
  3 merfolk avatars (Shoals:4)
  4 satyrs
  5 boulder beetles
  3 merfolk aquamancers
  An alligator snapping turtle (Shoals:4)
  3 tengu warriors
  11 two-headed ogres
  2 hell hogs (Hell)
  6 deep troll shamans
  5 deep troll earth magi
  2 orc high priests (Orc:2)
  5 spriggan berserkers
  A vampire mage (Vaults:3)
  14 naga sharpshooters
  2 thrashing horrors (Lair:5)
  28 dancing weapons
  15 naga warriors
  10 death yaks
  17 deep elf knights
  2 sun demons
  A spectral storm dragon (Vaults:3)
  The ghost of CertainDeath the Cleaver, a novice MiMo of Gozag (D:8)
  5 shock serpents
  23 hell knights
  Sonja (Orc:2)
  4 soul eaters (Hell)
  A fire crab (shapeshifter) (D:14)
  10 iron trolls
  Amaemon (D:8)
  2 salamander mystics
  6 skeletal warriors
  A quicksilver dragon simulacrum (Zot:1)
  5 shadow wraiths
  75 deep trolls
  A flayed ghost (Depths:2)
  An anaconda zombie (Hell)
  16 sea snakes
  29 ironbound convokers
  A glowing orange brain (Depths:2)
  15 naga ritualists
  14 deep elf archers
  24 deep elf zephyrmancers
  12 phantasmal warriors
  28 harpies
  4 wizards
  5 lindwurms
  A harpy (shapeshifter) (D:13)
  A wolf spider (D:15)
  11 necromancers
  A wolf spider (shapeshifter) (Vaults:5)
  29 deep elf pyromancers
  5 orc knights
  14 mana vipers
  32 ugly things
  21 salamanders
  4 orc sorcerers
  12 manticores
  4 moths of wrath (Zot:1)
  4 cyclopes (D:15)
  A salamander (shapeshifter) (Lair:5)
  7 fauns
  23 elephants
  4 rust devils (Hell)
  7 water nymphs
  5 merfolk sirens
  15 naga magi
  An eye of devastation (shapeshifter) (Vaults:5)
  9 smoke demons
  38 black mambas
  2 molten gargoyles (Hell)
  Maggie (Lair:1)
  10 guardian serpents
  An ice statue (IceCv)
  17 vault sentinels
  13 cane toads
  A gargoyle (D:12)
  An orange demon (D:8)
  A torpor snail (Lair:2)
  A centaur skeleton (D:15)
  2 hellions (Hell)
  A yaktaur zombie (Vaults:4)
  A storm dragon simulacrum (Zot:1)
  3 freezing wraiths
  2 unseen horrors
  Psyche (D:12)
  A demonic crawler (Hell)
  43 yaktaurs
  A redback zombie (D:15)
  3 efreet
  5 komodo dragons
  2 tengu conjurers
  2 rime drakes
  A sea snake zombie (Hell)
  2 tormentors (Depths:2)
  A kobold demonologist (D:12)
  An ancient zyme (Lair:5)
  A sea snake skeleton (Hell)
  2 guardian mummies (D:13)
  8 ice devils (Hell)
  2 hydra zombies (Hell)
  3 meliai (D:13)
  18 merfolk
  9 polar bears
  10 trolls
  A polar bear (shapeshifter) (Vaults:5)
  A tarantella (Vaults:4)
  11 hornets
  A hydra skeleton (Hell)
  A snapping turtle (shapeshifter) (Vaults:5)
  6 dream sheep (Lair:5)
  A harpy skeleton (D:15)
  23 slime creatures
  4 wind drakes
  2 alligator zombies (Hell)
  10 snapping turtles
  8 blink frogs (Lair:5)
  A draconian simulacrum (Zot:1)
  A spectral human (Vaults:3)
  A centaur simulacrum (D:15)
  10 spriggans
  2 air elementals (Elf:1)
  2 shadows
  A culicivora (shapeshifter) (D:13)
  An ettin skeleton (Vaults:4)
  4 wraiths
  2 ynoxinuls
  An alligator skeleton (Hell)
  4 basilisks
  A hog (shapeshifter) (Vaults:5)
  2 humans (shapeshifter)
  24 water elementals
  54 yaks
  A steam dragon (D:8)
  A basilisk (shapeshifter) (D:13)
  A redback (shapeshifter) (Vaults:4)
  A green draconian simulacrum (Zot:1)
  3 large abominations
  4 redbacks
  3 wargs
  A death yak simulacrum (Orc:2)
  A human zombie (Vaults:4)
  4 chaos spawn (Lair:5)
  2 acid dragons
  4 hell hounds (Hell)
  47 nagas
  8 water moccasins
  A moth of wrath simulacrum (Zot:1)
  2 sky beasts (D:6)
  A hornet zombie (D:15)
  2 black bears
  48 orc warriors
  44 wolves
  6 ogres
  The ghost of Darkkill the Shooter, an amateur HuHu (D:3)
  13 centaurs
  3 phantoms
  6 kobold brigands
  3 necrophages
  5 bullfrogs
  8 scorpions
  2 gnoll sergeants
  An earth elemental (Elf:1)
  A two-headed ogre simulacrum (Orc:2)
  An ogre simulacrum (Vaults:4)
  4 wights (D:7)
  10 small abominations (Lair:5)
  5 killer bees (D:10)
  4 electric eels (Lair:3)
  10 howler monkeys
  4 jellies
  4 hounds
  21 orc priests
  A gnoll bouda (D:5)
  Natasha (thrice) (D:2)
  4 iguanas
  18 orc wizards
  2 troll simulacra (Orc:2)
  A spriggan simulacrum (Orc:2)
  16 gnolls
  5 adders
  3 naga simulacra (Orc:2)
  2 shadow imps (D:6)
  2 white imps
  An ufetubus (D:5)
  2 worms (D:3)
  A dart slug (D:1)
  90 orcs
  4 endoplasms
  5 giant cockroaches
  11 goblins
  6 hobgoblins
  7 jackals
  6 quokkas
  9 ball pythons
  3 bats
  2 frilled lizards (D:1)
  17 kobolds
  4 rats
  4 tentacles
1968 creatures vanquished.

Vanquished Creatures (collateral kills)
  A two-headed ogre (Orc:2)
  A warg (Orc:2)
  An orc priest (Orc:2)
  4 orcs (Orc:2)
7 creatures vanquished.

Vanquished Creatures (others)
  A dancing weapon (Elf:1)
  2 deep elf knights
  A deep elf pyromancer (Elf:1)
  A human (D:13)
  2 nagas
  An orc warrior (Orc:2)
  An ogre (Orc:2)
  An orc (Orc:2)
  A bush (Depths:1)
  31 fungi
  116 plants
  9 tentacles
  2 toadstools (Depths:1)
169 creatures vanquished.

Grand Total: 2144 creatures vanquished

Notes
Turn   | Place    | Note
-------+----------+-------------------------------------------
     0 | D:1      | hikkokomori the Gargoyle Berserker began the quest for the
                  | Orb.
     0 | D:1      | Reached XP level 1. HP: 14/14 MP: 1/1
    36 | D:1      | Reached XP level 2. HP: 9/19 MP: 2/2
   365 | D:1      | Reached XP level 3. HP: 23/24 MP: 3/3
   372 | D:1      | Found a faded altar of an unknown god.
   473 | D:1      | Reached ** piety under Trog
   913 | D:2      | Reached skill level 4 in Fighting
  1068 | D:2      | Noticed a phantom
  1082 | D:2      | Reached XP level 4. HP: 29/29 MP: 4/4
  1086 | D:2      | Killed a phantom
  1087 | D:2      | Reached XP level 5. HP: 34/34 MP: 5/5
  1368 | D:2      | Noticed Natasha
  1391 | D:2      | Killed Natasha
  1590 | D:2      | Noticed Natasha
  1598 | D:2      | Killed Natasha
  1599 | D:2      | Reached skill level 5 in Fighting
  1751 | D:2      | Noticed Natasha
  1773 | D:2      | Killed Natasha
  1831 | D:3      | Noticed an ogre
  1839 | D:3      | Killed an ogre
  1840 | D:3      | Reached XP level 6. HP: 36/40 MP: 6/6
  1917 | D:3      | Found a runed translucent door.
  1927 | D:3      | Noticed Darkkill's ghost (amateur HuHu)
  2717 | D:3      | Killed Darkkill's ghost
  2718 | D:3      | Reached skill level 6 in Fighting
  2801 | D:4      | Reached XP level 7. HP: 41/46 MP: 7/7
  2805 | D:4      | Reached *** piety under Trog
  3123 | D:4      | Found Rases's General Store.
  3187 | D:4      | Reached skill level 7 in Fighting
  3817 | D:5      | Entered Level 5 of the Dungeon
  3904 | D:5      | Found a staircase to the Ecumenical Temple.
  3927 | D:5      | Reached skill level 5 in Armour
  3939 | D:5      | Reached XP level 8. HP: 52/53 MP: 8/8
  4553 | D:5      | Reached skill level 8 in Fighting
  4728 | D:5      | Reached **** piety under Trog
  4898 | D:6      | Identified a scroll of acquirement
  4899 | D:6      | Acquired a +2 war axe of flaming
  4914 | D:6      | Identified the +2 scale mail "Udilir" {Rampage Dex+2}
  4943 | D:6      | Reached skill level 1 in Shields
  5092 | D:6      | Found a radiant altar of Vehumet.
  5097 | D:6      | Reached XP level 9. HP: 53/60 MP: 9/9
  5118 | D:6      | Found a basalt altar of Yredelemnul.
  5120 | D:6      | Found a broken altar of Ashenzari.
  5127 | D:6      | Found an iron altar of Okawaru.
  5128 | D:6      | Found a glowing golden altar of the Shining One.
  5188 | D:6      | Reached skill level 9 in Fighting
  5664 | D:4      | Bought the +0 pair of gloves of the Thirsty Princes {Int+4
                  | Slay+2} for 311 gold pieces
  5785 | D:7      | Found a sparkling altar of Nemelex Xobeh.
  5790 | D:7      | Found a burning altar of Makhleb.
  6131 | D:7      | Reached skill level 5 in Dodging
  6561 | D:7      | Found a stormy altar of Qazlal.
  6604 | D:8      | Found a runed translucent door.
  6604 | D:8      | Noticed CertainDeath's ghost (novice MiMo)
  6624 | D:8      | Killed CertainDeath's ghost
  6625 | D:8      | Reached skill level 5 in Axes
  6628 | D:8      | Reached skill level 10 in Fighting
  6628 | D:8      | Reached XP level 10. HP: 68/68 MP: 10/10
  6639 | D:8      | Got the Lessons on Terra Firma
  6833 | D:8      | Found a hide-covered altar of Uskayaw.
  7046 | D:8      | Found a shadowy altar of Dithmenos.
  7047 | D:8      | Noticed Amaemon
  7047 | D:8      | Noticed an orange demon
  7059 | D:8      | Killed an orange demon
  7060 | D:8      | Killed Amaemon
  7426 | D:9      | Found a flagged portal.
  7438 | Bailey   | Entered a bailey
  7479 | Bailey   | Reached ***** piety under Trog
  8074 | Bailey   | Reached skill level 11 in Fighting
  8193 | Bailey   | Noticed an orc knight
  8194 | Bailey   | Found a bloodstained altar of Trog.
  8203 | Bailey   | Killed an orc knight
  8204 | Bailey   | Reached skill level 5 in Shields
  8415 | D:9      | Reached XP level 11. HP: 56/74 MP: 8/11
  8778 | D:10     | Entered Level 10 of the Dungeon
  8784 | D:10     | Noticed a two-headed ogre
  8824 | D:10     | Killed a two-headed ogre
  8826 | D:10     | Received a gift from Trog
  8829 | D:10     | Noticed a two-headed ogre
  8841 | D:10     | Killed a two-headed ogre
  9126 | D:10     | Found an ornate altar of the Wu Jian Council.
  9452 | D:10     | Found a snail-covered altar of Cheibriados.
  9529 | D:11     | Noticed a manticore
  9722 | D:11     | Killed a manticore
  9746 | D:11     | Reached skill level 12 in Fighting
  9797 | D:11     | Found a staircase to the Lair.
 10095 | D:12     | Noticed Psyche
 10102 | D:12     | Killed Psyche
 10174 | D:12     | Noticed a boulder beetle
 10189 | D:12     | Killed a boulder beetle
 10384 | D:12     | Found a staircase to the Orcish Mines.
 10578 | D:12     | Reached XP level 12. HP: 65/82 MP: 9/12
 10709 | Orc:1    | Entered Level 1 of the Orcish Mines
 11225 | Orc:2    | Entered Level 2 of the Orcish Mines
 11234 | Orc:2    | Noticed a two-headed ogre
 11270 | Orc:2    | Noticed Sonja
 11280 | Orc:2    | Killed a two-headed ogre
 11331 | Orc:2    | Killed Sonja
 11332 | Orc:2    | Reached skill level 13 in Fighting
 11337 | Orc:2    | Received a gift from Trog
 11359 | Orc:2    | Found Ostrosias's Antique Armour Shop.
 11462 | Orc:2    | Noticed an orc warlord
 11697 | Orc:2    | Noticed an orc high priest
 11708 | Orc:2    | Killed an orc high priest
 11739 | Orc:2    | Found a staircase to the Elven Halls.
 11803 | Orc:2    | Found a frozen archway.
 11818 | IceCv    | Entered an ice cave
 12168 | IceCv    | Reached skill level 10 in Axes
 12168 | IceCv    | Reached XP level 13. HP: 80/89 MP: 11/13
 12274 | IceCv    | Reached skill level 10 in Armour
 12275 | IceCv    | Reached skill level 14 in Fighting
 12446 | IceCv    | Noticed a frost giant
 12476 | IceCv    | Killed a frost giant
 12726 | IceCv    | Identified the +8 hand axe "Zailurha" {flame, rPois Str+4}
                  | (Trog gifted it to you in an ice cave)
 12726 | IceCv    | Received a gift from Trog
 12979 | Orc:2    | Found Yjuyfiruu's Jewellery Shoppe.
 13372 | Orc:2    | Killed an orc warlord
 13752 | Orc:2    | Paralysed by an orc sorcerer for 4 turns
 13758 | Orc:2    | Found Marphegoa's Antique Armour Shop.
 13764 | Orc:2    | Found Luopal's Antique Weapon Boutique.
 13795 | Orc:2    | Bought a glowing cloak for 217 gold pieces
 13807 | Orc:2    | Bought an ancient plate armour for 812 gold pieces
 13807 | Orc:2    | Identified the +0 plate armour of Hubris {rC- Will+ MP+9
                  | SInv} (You bought it in a shop on level 2 of the Orcish
                  | Mines)
 13915 | Orc:1    | Noticed an ettin
 13964 | Orc:1    | Killed an ettin
 14146 | Orc:1    | Paralysed by an orc sorcerer for 4 turns
 14427 | Lair:1   | Entered Level 1 of the Lair of Beasts
 14759 | Lair:1   | Reached skill level 15 in Fighting
 14759 | Lair:1   | Gained mutation: Your large and strong wings let you fly.
                  | [Gargoyle growth]
 14759 | Lair:1   | Reached XP level 14. HP: 98/98 MP: 14/14
 14793 | Lair:1   | Noticed Maggie
 14799 | Lair:1   | Received a gift from Trog
 14808 | Lair:1   | Killed Maggie
 15439 | Lair:2   | Found a staircase to the Snake Pit.
 17112 | Lair:3   | Found a staircase to the Shoals.
 17371 | Lair:4   | Identified the +12 sling "Sijola" {flame, rElec Will+
                  | Str+3}
 17944 | Lair:4   | Identified the +10 war axe "Wuyl" {protect, Dex+4}
 18207 | Lair:5   | Entered Level 5 of the Lair of Beasts
 18259 | Lair:5   | Reached ****** piety under Trog
 18270 | Lair:5   | Received a gift from Trog
 18271 | Lair:5   | Reached skill level 16 in Fighting
 18521 | Lair:5   | Reached skill level 10 in Shields
 18758 | Lair:5   | Reached XP level 15. HP: 100/104 MP: 15/15
 18784 | Lair:5   | Identified the +4 scale mail "Xeba" {Harm +Blink}
 18812 | Lair:5   | Found a staircase to the Slime Pits.
 19016 | Lair:5   | Noticed Nessos
 19031 | Lair:5   | Killed Nessos
 19215 | Lair:5   | Received a gift from Trog
 19385 | Lair:5   | Found a corrupted altar of Lugonu.
 19385 | Lair:5   | Found a one-way gate to the infinite horrors of the Abyss.
 19687 | Shoals:1 | Entered Level 1 of the Shoals
 19706 | Shoals:1 | Found Douschus's Armour Boutique.
 20086 | Shoals:1 | Reached skill level 17 in Fighting
 21201 | D:13     | Found a gate to the Vaults.
 21206 | D:13     | Reached XP level 16. HP: 112/112 MP: 16/16
 21280 | D:13     | Received a gift from Trog
 21310 | D:13     | Found an opulent altar of Gozag.
 21491 | D:13     | Found a portal to a secret trove of treasure.
 22400 | D:14     | Found Laammir's Distillery.
 22530 | D:14     | Bought a potion of curing for 51 gold pieces
 22530 | D:14     | Bought a potion of heal wounds for 85 gold pieces
 22530 | D:14     | Bought a potion of might for 68 gold pieces
 23088 | D:15     | Entered Level 15 of the Dungeon
 23136 | D:15     | Reached skill level 10 in Dodging
 23257 | D:15     | Identified the +1 ring mail "Fus Unt" {rC+ Will+ Int+2}
 23520 | D:15     | Found a burning altar of Makhleb.
 23645 | D:15     | Received a gift from Trog
 23733 | D:13     | You paid a toll of +2 fire dragon scales to enter a
                  | treasure trove
 23734 | Trove    | Entered a treasure trove
 23813 | Trove    | Reached XP level 17. HP: 119/119 MP: 17/17
 23952 | D:15     | Reached skill level 18 in Fighting
 24315 | D:15     | Found a staircase to the Depths.
 24321 | Depths:1 | Entered Level 1 of the Depths
 24322 | Depths:1 | Found Ciunt's Magic Scroll Shoppe.
 24878 | Shoals:2 | Found Raoju's Book Emporium.
 24974 | Shoals:2 | Identified the +8 longbow of Reasonable Valour {venom, rF+
                  | rN++}
 25002 | Shoals:2 | Noticed a kraken
 25012 | Shoals:2 | Killed a kraken
 25638 | Shoals:3 | Noticed Mara
 25671 | Shoals:3 | Killed Mara
 25714 | Shoals:3 | Noticed Jorgrun
 25814 | Shoals:3 | Killed Jorgrun
 26067 | Shoals:3 | Noticed a kraken
 26078 | Shoals:3 | Killed a kraken
 26079 | Shoals:3 | Reached XP level 18. HP: 91/126 MP: 18/18
 26329 | Shoals:3 | Identified the +9 broad axe "Plog" {vorpal, *Noise +Blink
                  | rPois rCorr} (Trog gifted it to you on level 3 of the
                  | Shoals)
 26329 | Shoals:3 | Received a gift from Trog
 26355 | Shoals:3 | Noticed Polyphemus
 26376 | Shoals:3 | Killed Polyphemus
 27116 | Shoals:4 | Entered Level 4 of the Shoals
 27548 | Shoals:4 | Reached skill level 15 in Axes
 27675 | Shoals:4 | Reached skill level 19 in Fighting
 28715 | Shoals:4 | Got a barnacled rune of Zot
 28875 | Snake:1  | Entered Level 1 of the Snake Pit
 28875 | Snake:1  | Found Fogi's Magic Scroll Emporium.
 28885 | Snake:1  | Received a gift from Trog
 28900 | Snake:1  | Bought a scroll of enchant weapon for 112 gold pieces
 28900 | Snake:1  | Bought a scroll of amnesia for 60 gold pieces
 28900 | Snake:1  | Bought a scroll of enchant armour for 112 gold pieces
 28987 | Snake:1  | Found Nuttot's Book Shop.
 30027 | Snake:2  | Reached XP level 19. HP: 127/134 MP: 19/19
 30921 | Snake:2  | Found Qoc Gepu's Antique Weapon Shoppe.
 31141 | Snake:3  | Received a gift from Trog
 31162 | Snake:3  | Reached skill level 20 in Fighting
 31685 | Snake:3  | Identified the +1 robe of Gewkais {rF+++ Regen+ Dex-4}
 32477 | Snake:4  | Entered Level 4 of the Snake Pit
 33162 | Snake:4  | Reached skill level 15 in Armour
 33523 | Snake:4  | Received a gift from Trog
 33636 | Snake:4  | Reached XP level 20. HP: 126/142 MP: 20/20
 33951 | Snake:4  | Got a serpentine rune of Zot
 34378 | Elf:1    | Entered Level 1 of the Elven Halls
 34397 | Elf:1    | Found a radiant altar of Vehumet.
 34700 | Elf:1    | Reached skill level 21 in Fighting
 34747 | Elf:1    | Found Zuuleikan's Distillery.
 34753 | Elf:1    | Bought 2 potions of might for 104 gold pieces
 34753 | Elf:1    | Bought 2 potions of curing for 78 gold pieces
 34753 | Elf:1    | Bought a potion of heal wounds for 65 gold pieces
 34859 | Elf:1    | Noticed Aizul
 34881 | Elf:1    | Killed Aizul
 35127 | Elf:1    | Paralysed by an air elemental for 1 turns
 35210 | Elf:1    | Noticed a Tzitzimitl
 35232 | Elf:1    | Received a gift from Trog
 35250 | Elf:1    | Found a runed translucent gate.
 35250 | Elf:1    | Found a runed translucent gate.
 35250 | Elf:1    | Found a runed translucent gate.
 35250 | Elf:1    | Found a runed translucent gate.
 35250 | Elf:1    | Found a runed translucent gate.
 35252 | Elf:1    | Found a runed translucent gate.
 35847 | Elf:2    | Found Fiqyiz's Antique Armour Shoppe.
 35851 | Elf:2    | Bought a pair of embroidered boots for 195 gold pieces
 36058 | Elf:2    | Found a runed translucent gate.
 36058 | Elf:2    | Found a runed translucent gate.
 36058 | Elf:2    | Found a runed translucent gate.
 36651 | Elf:2    | Received a gift from Trog
 36814 | Elf:2    | Reached XP level 21. HP: 150/150 MP: 21/21
 37222 | Vaults:1 | Entered Level 1 of the Vaults
 37594 | Vaults:1 | Reached skill level 15 in Shields
 37791 | Vaults:1 | Reached skill level 22 in Fighting
 38156 | Vaults:1 | Identified the +4 flail "Mookeuz" {vorpal, *Noise rF+ Int+2
                  | Dex+2}
 38398 | Vaults:1 | Received a gift from Trog
 38407 | Vaults:1 | Found Feum's Armour Shop.
 38439 | Vaults:1 | Bought a +1 helmet of see invisible for 297 gold pieces
 38571 | Vaults:1 | Identified the +2 pair of gloves of Dithmenos's Hope {rF++}
 39095 | Vaults:2 | Received a gift from Trog
 39507 | Vaults:2 | You are sucked into a shaft and drop 1 floor!
 39548 | Vaults:3 | Paralysed by a vampire knight for 3 turns
 39562 | Vaults:3 | Found a staircase to the Crypt.
 39711 | Vaults:3 | Found a transporter.
 39711 | Vaults:3 | Noticed an ancient lich
 39711 | Vaults:3 | Noticed Dogag's ghost (adept DgIE)
 39745 | Vaults:3 | Reached XP level 22. HP: 151/158 MP: 22/22
 39924 | Vaults:3 | Noticed Xtahua
 39943 | Vaults:3 | Killed Xtahua
 40117 | Vaults:3 | Found a transporter.
 40420 | Vaults:3 | Noticed Nikola
 40445 | Vaults:3 | Killed Nikola
 40715 | Vaults:3 | Reached skill level 23 in Fighting
 40758 | Vaults:3 | Received a gift from Trog
 41962 | Vaults:4 | Identified the +5 morningstar "Doskuts" {antimagic, rF++
                  | Will+++ Str-3 Dex-5} (Trog gifted it to you on level 4 of
                  | the Vaults)
 41962 | Vaults:4 | Received a gift from Trog
 42443 | Vaults:4 | Reached XP level 23. HP: 119/165 MP: 23/23
 42445 | Vaults:4 | Received a gift from Trog
 43598 | Depths:1 | Bought a scroll of enchant weapon for 135 gold pieces
 43598 | Depths:1 | Bought a scroll of blinking for 135 gold pieces
 43703 | Depths:1 | Found Ycee's Weapon Shop.
 43770 | Depths:1 | Found a gateway to Hell.
 43865 | Hell     | Entered the Vestibule of Hell
 43865 | Hell     | Noticed Geryon
 43876 | Hell     | Noticed Murray
 44086 | Depths:1 | Killed Murray
 44285 | Hell     | Killed Geryon
 44285 | Hell     | Received a gift from Trog
 44326 | Hell     | Reached skill level 24 in Fighting
 44475 | Hell     | Found a gateway to the decaying netherworld of Tartarus.
 44691 | Hell     | Found a gateway to the freezing wastes of Cocytus.
 44929 | Hell     | Found a gateway to the Iron City of Dis.
 45329 | Hell     | Received a gift from Trog
 45515 | Hell     | Found a gateway to the ashen valley of Gehenna.
 45678 | Depths:1 | Found a white marble altar of Elyvilon.
 46018 | Vaults:3 | Killed Dogag's ghost
 46028 | Vaults:3 | Killed an ancient lich
 46038 | Vaults:3 | Identified the +0 pair of gloves of Greed {rElec rF- rN+
                  | Slay+6}
 46361 | Depths:1 | Found Zituom's Antique Armour Emporium.
 46366 | Depths:1 | Bought a pair of runed boots for 270 gold pieces
 46366 | Depths:1 | Bought a leather armour for 72 gold pieces
 46551 | Depths:1 | Found an ancient bone altar of Kikubaaqudgha.
 47090 | Depths:2 | Identified the +9 hand axe of Temperance {vorpal, rPois rF+
                  | Dex-4} (Trog gifted it to you on level 2 of the Depths)
 47090 | Depths:2 | Received a gift from Trog
 47095 | Depths:2 | Reached XP level 24. HP: 147/174 MP: 23/23
 47816 | Depths:2 | Found a one-way gate leading to the halls of Pandemonium.
 47946 | Depths:2 | Found a hide-covered altar of Uskayaw.
 47960 | Depths:2 | Found a one-way gateway to a ziggurat.
 48543 | Depths:2 | You are sucked into a shaft and drop 2 floors!
 48543 | Depths:4 | Entered Level 4 of the Depths
 48561 | Depths:4 | Received a gift from Trog
 48562 | Depths:4 | Identified the +9 falchion "Ygishitz" {vorpal, rC++ rN+
                  | Str+3 Int-5}
 49273 | Depths:3 | Reached skill level 10 in Stealth
 49339 | Depths:3 | Reached skill level 15 in Dodging
 49551 | Depths:3 | Found the +11 plutonium sword {Contam Stlth-}
 50295 | Depths:4 | Received a gift from Trog
 50302 | Depths:4 | Found a gate to the Realm of Zot.
 51336 | Vaults:5 | Entered Level 5 of the Vaults
 51364 | Vaults:4 | Reached XP level 25. HP: 121/180 MP: 23/23
 51929 | Vaults:5 | Received a gift from Trog
 52156 | Vaults:5 | Noticed an ancient lich
 52170 | Vaults:5 | Killed an ancient lich
 52291 | Vaults:5 | Reached skill level 25 in Fighting
 52307 | Vaults:5 | Received a gift from Trog
 52547 | Vaults:5 | Identified the +7 falchion of Icireagg {vorpal, +Blink rF++
                  | Str-4}
 52575 | Vaults:5 | Identified the +10 bardiche of Destiny {distort, rCorr
                  | Int+7}
 52631 | Vaults:5 | Noticed Frederick
 52646 | Vaults:5 | Killed Frederick
 52945 | Vaults:5 | Identified the +5 morningstar "Orb Guardian's Peril"
                  | {vorpal, +Blink rPois Str-5}
 52983 | Vaults:5 | Got a silver rune of Zot
 53059 | Vaults:5 | Reached skill level 1 in Evocations
 54548 | Zot:1    | Entered Level 1 of the Realm of Zot
 54627 | Zot:1    | Identified the ring "Gusetami" {Ice rElec rCorr Dex+2}
 54627 | Zot:1    | Noticed Josephina
 54638 | Zot:1    | Killed Josephina
 54741 | Zot:1    | Reached XP level 26. HP: 156/186 MP: 23/23
 55051 | Zot:1    | Received a gift from Trog
 55190 | Zot:1    | Noticed an orb of fire
 55210 | Zot:1    | Gained mutation: You are vulnerable to cold. (rC-) [an orb
                  | of fire]
 55211 | Zot:1    | Gained mutation: You are dopey. (Int -2) [an orb of fire]
 55213 | Zot:1    | Gained mutation: You are vulnerable to heat. (rF-) [an orb
                  | of fire]
 55220 | Zot:1    | Gained mutation: You occasionally lose the ability to read
                  | scrolls when taking damage. [an orb of fire]
 55227 | Zot:1    | HP: 14/282 [orb of fire/fireball (72)]
 55228 | Zot:1    | Killed from afar by an orb of fire

Illustrated notes

Levels and vault maps discovered:
D:1:      psy_arrival_fountain, layout_loops_cross,
          nicolae_ecumenical_snake_handling
D:2:      layout_loops_ring, minmay_misc_feat_plants, nicolae_underground_beach,
          uniq_natasha
D:3:      layout_basic, hellmonk_ghost_happy_afterlife, mrwooster_statue_mirror
D:4:      layout_gridville, serial_shops, nicolae_inconvenience_store
D:5:      layout_basic, minmay_temple_entry_enclosed_plants
D:6:      layout_rooms, grunt_temple_overflow_open
D:7:      layout_gridville, minitemple
D:8:      layout_loops_ring, mainiacjoe_overflow_boulevard,
          mainiacjoe_overflow_small_starburst, hellmonk_ghost_big_iron,
          uniq_amaemon
D:9:      layout_cave_pools, enter_bailey_3, nrook_mini_vaults
D:10:     layout_big_octagon, chei_slow_surprise, nzn_wu_jian_contemplation
D:11:     wad_woods_structure_01, layout_rooms, grunt_lair_entry_orc_guard_hut
D:12:     layout_loops_cross, orc_0_dummy, uniq_psyche
D:13:     dreamdust_experimentation, layout_cave_pools, david_vaults_1,
          serial_park, serial_park_tiny_pond, serial_park_tiny_1,
          serial_park_square3 [serial_park_minivault_5x5_2],
          nicolae_trove_entry_path_of_doom, nicolae_gozag_seed_capital
D:14:     layout_loops_ring, kennysheep_another_room, nicolae_stop_n_shop_2
D:15:     grunt_enter_depths_magical_seal, layout_grid_maze,
          minmay_misc_feat_five, minivault_16, minivault_25,
          makhleb_altar_promises_db
Lair:1:   layout_cave_shapes, minivault_19, uniq_maggie
Lair:2:   layout_cave_pods, guppyfry_snake_entry_garden, st_stairs_4,
          grunt_forest_large_clearings, lemuel_fruit_tree
Lair:3:   layout_cave_pods, minmay_shoals_entry_hut, hibernation_bobbens,
          serial_bayou_shore_a, infiniplex_staircase_pool_2
Lair:4:   layout_regular_city, chequers_serial_rivers_small_3, st_stairs_8
Lair:5:   hellmonk_lair_end_abyssal_woods, layout_gridlike, slime_entry_1,
          uniq_nessos
Shoals:1: layout_shoals, serial_shops, shop
Shoals:2: layout_shoals, serial_shops, nicolae_shop_statue_plus
Shoals:3: layout_shoals, nicolae_shoals_elemental_ambush, uniq_jorgrun,
          uniq_mara, uniq_polyphemus
Shoals:4: shoals_end_hangedman, layout_shoals
Snake:1:  hangedman_cross_stitches, layout_layer_cave, serial_shops,
          nicolae_shop_stone, nicolae_shop_waterfront
Snake:2:  layout_layer_cave, serial_shops, nicolae_diamond_shop
Snake:3:  layout_chambers
Snake:4:  hellmonk_snake_rune_quicksilver_temple, layout_rooms
Orc:1:    layout_caves
Orc:2:    grunt_orc_community_town_hall, layout_diamond_mine,
          grunt_orc_community_big_house_1, grunt_orc_community_big_house_1,
          grunt_orc_community_house_3, grunt_orc_community_house_3,
          grunt_orc_community_house_2, grunt_orc_community_house_2,
          grunt_orc_community_house_2, grunt_orc_community_house_3,
          portal_ice_cave_entry_ice_simulacra, uniq_sonja
Elf:1:    eino_elf_arrival_altar, layout_rooms, serial_shops,
          nicolae_diamond_shop, orc_legates, st_stairs_12, uniq_aizul
Elf:2:    nicolae_elf_blades_splatter_lattice
          [nicolae_blade_entry_sentries_behind_glass], layout_geoelf_diagonals,
          serial_shops, shop, minivault_16
Vaults:1: nicolae_vaults_meeting, ontoclasm_vaults_pinch,
          hangedman_vaults_impose, v_misc_30, nicolae_vaults_network_s,
          hangedman_vaults_snaps, vaults_standard_mumra_enter_the_diamond,
          vaults_dpeg_emergency_exit, v_misc_32, hangedman_vaults_corner,
          nicolae_vaults_gold_heap, vaults_room_grid, layout_vaults_big_cross,
          serial_shops, shop_statue
Vaults:2: vaults_mumra_lcd, nicolae_vaults_murderbox, ontoclasm_vaults_eye,
          grunt_vaults_funnel, nicolae_vaults_rhombus_5, vaults_dpeg_spiral,
          v_misc_12, nicolae_vaults_little_squares_6, grunt_vaults_trifunnel,
          v_pattern_3, v_alt_pattern_1, vaults_room_fours,
          nicolae_vaults_little_squares_2, layout_vaults_big_room
Vaults:3: gammafunk_ghost_mausoleum, v_alt_pattern_4, vaults_room_pools,
          minmay_crypt_entry_simple_corners, hangedman_vaults_slice,
          hangedman_vaults_pinch, vaults_mumra_chevron,
          nicolae_vaults_network_periphery, v_misc_23, ontoclasm_vaults_chip,
          ontoclasm_vaults_misaligned, vaults_standard_mumra_enter_the_diamond,
          vaults_room_fours, nicolae_vaults_display_case, layout_vaults_maze,
          uniq_xtahua, uniq_nikola
Vaults:4: vaults_mumra_minichess, ontoclasm_vaults_idyll,
          nicolae_vaults_mini_display_case, nicolae_vaults_border_crossing,
          v_misc_8, nicolae_vaults_yaktaur_gun_rack, vaults_room_grid,
          layout_vaults_quadrants
Vaults:5: uniq_frederick
Depths:1: layout_honeycomb, kiku_gazebo_garden_becter, lightli_too_deep,
          serial_shops, nicolae_shop_bloodbath_and_beyond, nicolae_diamond_shop,
          shop, minmay_gold_behind_fungi, elyvilon_altar_1
Depths:2: kennysheep_six_static_rooms, layout_cave_pools, enter_ziggurat_c,
          pan_entry, hangedman_geh_valley, nicolae_uskayaw_en_pointe,
          minmay_parallelograms, drop_trap, beargit_elvish_explorers
Depths:3: grunt_twist_and_shout, layout_small_grid, abyss_entry, hell_entry,
          chequers_serial_rivers_large_a, infiniplex_staircase_split_hallway
Depths:4: evilmike_zot_entry_round, layout_long_grid,
          abyss_entry_small_statue_room, pf_hell_entry_tar_spiral,
          minmay_tree_intersection
Hell
Zot:1:    layout_cathedral_of_symmetry, nicolae_diode_basic, uniq_josephina

Skill      XL: |  1  2  3  4  5  6  7  8  9 10 11 12 13 14 15 16 17 18 19 20 21 22 23 24 25 26 |
---------------+-------------------------------------------------------------------------------+-----
Axes           | 3 5 7 8 10 11 12 13 14 15 16 17 18 19 20 | 20.1
Dodging        | 2 3 4 5 6 7 8 9 10 11 12 13 14 15 16 | 16.8
Fighting       | 4 5 6 7 8 10 11 12 13 15 16 17 18 19 20 21 22 23 24 25 | 25.5
Armour         | 3 4 5 6 7 8 9 10 11 12 13 14 15 16 17 18 19 21 | 21.3
Shields        | 1 3 5 6 7 9 10 11 12 13 14 15 16 17 | 17.1
Stealth        | 6 7 11 | 11.9
Evocations     | 2 3 |  3.1
Short Blades   | |  0.2

Action                   |  1- 3 |  4- 6 |  7- 9 | 10-12 | 13-15 | 16-18 | 19-21 | 22-24 | 25-27 || total
-------------------------+-------+-------+-------+-------+-------+-------+-------+-------+-------++-------
Melee: Hand axe          |    69 |       |       |       |   396 |       |       |       |       ||   465
       Short sword       |    79 |   121 |   207 |       |       |       |       |       |       ||   407
       Punch             |     1 |       |     5 |     6 |       |       |       |       |       ||    12
       War axe           |       |       |    76 |   312 |   397 |   815 |  1441 |  1194 |   544 ||  4779
       Broad axe         |       |       |       |   140 |   101 |    15 |       |   451 |       ||   707
 Fire: Sling             |       |       |       |       |     5 |       |       |       |       ||     5
Throw: Javelin           |       |       |       |     1 |       |       |       |       |       ||     1
Invok: Berserk           |     1 |     3 |     4 |    10 |     8 |     4 |     6 |    13 |     4 ||    53
       Trog's Hand       |       |       |       |     1 |       |       |     6 |     1 |     2 ||    10
       Brothers in Arms  |       |       |       |     1 |       |       |       |       |       ||     1
Evoke: Wand              |       |       |       |     5 |     6 |     4 |     1 |     1 |       ||    17
       Phial of floods   |       |       |       |       |       |     2 |       |       |       ||     2
       Tin of tremorston |       |       |       |       |       |       |     3 |       |       ||     3
  Use: Scroll            |     1 |    10 |    10 |     7 |     6 |     8 |     2 |     6 |     9 ||    59
       Potion            |       |       |       |     4 |     1 |     2 |     2 |     5 |     4 ||    18
 Stab: Sleeping          |     1 |       |       |       |       |     4 |    18 |     3 |     1 ||    27
       Invisible         |       |       |       |     1 |       |       |       |     4 |       ||     5
       Petrifying        |       |       |       |       |     2 |       |       |       |       ||     2
       Petrified         |       |       |       |       |     2 |       |       |       |       ||     2
       Distracted        |       |       |       |       |       |     1 |     2 |     3 |     2 ||     8
Armor: Animal skin       |    33 |       |       |       |       |       |       |       |       ||    33
       Chain mail        |    62 |    79 |   183 |       |       |       |       |       |       ||   324
       Scale mail        |       |       |    22 |   266 |    77 |       |       |       |       ||   365
       Skin              |       |       |     6 |       |       |       |       |       |       ||     6
       Plate armour      |       |       |       |       |   343 |    97 |   112 |   388 |       ||   940
       Fire dragon scale |       |       |       |       |       |   176 |   374 |   202 |   153 ||   905
Dodge: Dodged            |   107 |    36 |   173 |   342 |   315 |   287 |   541 |   681 |   272 ||  2754
Block: Kite shield       |       |       |       |    23 |   713 |   753 |   118 |       |       ||  1607
       Reflection        |       |       |       |       |    18 |    65 |   181 |    66 |    31 ||   361
       Tower shield      |       |       |       |       |       |       |  1583 |  1985 |   686 ||  4254

Table legend: (Time is in decaauts)
 A = Elapsed time spent in this place.
 B = Non-inter-level travel time spent in this place.
 C = Inter-level travel time spent in this place.
 D = Time resting spent in this place.
 E = Time spent auto-exploring this place.
 F = Levels seen in this place.
 G = Mean time per level.
                   A        B        C        D        E       F      G
               +--------+--------+--------+--------+--------+-----+--------+
         Total |  55304 |  50500 |   4804 |   6024 |  32897 |  46 | 1202.3 |
       Dungeon |  14541 |  12543 |   1998 |    988 |   9170 |  15 |  969.4 |
          Lair |   5507 |   5010 |    497 |    191 |   3953 |   5 | 1101.4 |
        Shoals |   5090 |   4874 |    216 |    343 |   3462 |   4 | 1272.5 |
     Snake Pit |   5362 |   5026 |    336 |    511 |   3376 |   4 | 1340.5 |
  Orcish Mines |   2339 |   2110 |    229 |    401 |   1008 |   2 | 1169.5 |
   Elven Halls |   2794 |   2589 |    205 |    388 |   1416 |   2 | 1397.0 |
        Vaults |   9316 |   8514 |    802 |   1317 |   5072 |   5 | 1863.2 |
        Depths |   6206 |   5700 |    506 |   1198 |   3312 |   4 | 1551.5 |
          Hell |   1311 |   1300 |     11 |     12 |    860 |   1 | 1311.0 |
           Zot |    668 |    668 |      0 |     46 |    489 |   1 |  668.0 |
         Trove |     97 |     97 |      0 |      0 |      0 |   1 |   97.0 |
        Bailey |    882 |    882 |      0 |    433 |    199 |   1 |  882.0 |
      Ice Cave |   1185 |   1185 |      0 |    193 |    578 |   1 | 1185.0 |
               +--------+--------+--------+--------+--------+-----+--------+

Top non-repeatable levels by time:
Vaults:4: 2111 daAuts
Vaults:5: 2048 daAuts
Depths:1: 1990 daAuts
Vaults:2: 1871 daAuts
 Snake:3: 1722 daAuts
Vaults:1: 1653 daAuts
Vaults:3: 1631 daAuts
Depths:2: 1618 daAuts
Depths:4: 1607 daAuts
Shoals:4: 1606 daAuts
   Orc:2: 1576 daAuts
  Lair:5: 1478 daAuts
   Elf:2: 1455 daAuts
Shoals:3: 1454 daAuts
 Snake:4: 1409 daAuts
